 Dungeon Crawl Stone Soup version 0.23.2-30-g0e89c35649 (webtiles) character file.

Game seed: 13264245172908594096

2010 troglodite the Reanimator (level 9, -5/65 HPs)
             Began as a Demonspawn Necromancer on June 9, 2019.
             Was a Follower of Qazlal.
             Killed by divine providence
             ... invoked by an orc priest
              (12 damage)
             ... on level 6 of the Dungeon.
             The game lasted 00:18:58 (8061 turns).

troglodite the Reanimator (Demonspawn Necromancer)  Turns: 8061, Time: 00:18:59

Health: -5/65      AC:  2    Str:  9    XL:     9   Next: 2%
Magic:  26/28      EV: 24    Int: 19    God:    Qazlal [*.....]
Gold:   311        SH:  1    Dex: 19    Spells: 10/22 levels left

rFire    . . .     SeeInvis .   f - +1 dagger (elec)
rCold    . . .     Gourm    .   (no shield)
rNeg     + . .     Faith    .   a - +0 robe
rPois    .         Spirit   .   (no helmet)
rElec    .         Reflect  .   (no cloak)
rCorr    .         Harm     .   (no gloves)
MR       .....                  (no boots)
Stlth    +++.......             (no amulet)
HPRegen  0.20/turn              e - ring of magical power
MPRegen  0.21/turn              y - ring of positive energy

@: agile
A: talons 1, repulsion field 1, powered by pain 2, rot immunity
a: Renounce Religion


You were on level 6 of the Dungeon.
You worshipped Qazlal.
Qazlal was aware of your devotion.
You were hungry.

You visited 1 branch of the dungeon, and saw 6 of its levels.

You collected 377 gold pieces.
You spent 66 gold pieces at shops.

Inventory:

Hand Weapons
 f - a +1 dagger of electrocution (weapon)
 g - a +2 dagger of flaming
Armour
 a - a +0 robe (worn)
Jewellery
 e - a ring of magical power (left hand)
 r - an uncursed ring of ice
 y - a ring of positive energy (right hand)
Scrolls
 b - 3 scrolls of remove curse {unknown}
 d - 3 scrolls of enchant armour {unknown}
 j - 3 scrolls of immolation {unknown}
 k - 5 scrolls of teleportation {unknown}
 n - 3 scrolls of magic mapping
 o - a scroll of noise {unknown}
 q - 2 scrolls of random uselessness {unknown}
 t - 2 scrolls of fear {unknown}
 u - 2 scrolls of identify
 v - 2 scrolls of amnesia {unknown}
 x - a scroll of enchant weapon {unknown}
Potions
 h - a potion of brilliance
 i - a potion of curing
 l - a potion of flight
 m - a potion of might {unknown}
 p - 3 potions of lignification
 s - a potion of berserk rage {unknown}
 w - a potion of resistance {unknown}
 A - a potion of haste
Comestibles
 c - 7 rations
 z - 8 chunks of flesh


   Skills:
 + Level 4.2 Fighting
 + Level 1.8 Short Blades
 * Level 6.7 Dodging
 + Level 2.6 Stealth
 * Level 7.0 Spellcasting
 * Level 5.8 Charms
 * Level 9.5 Necromancy


You had 10 spell levels left.
You knew the following spells:

 Your Spells              Type           Power        Failure   Level  Hunger
a - Pain                  Necr           ####         1%          1    None
b - Vampiric Draining     Necr           #####.....   1%          3    #......
c - Regeneration          Chrm/Necr      #####.....   1%          3    #......
d - Animate Skeleton      Necr           N/A          1%          1    None
e - Animate Dead          Necr           N/A          1%          4    ###....

Your spell library contained the following spells:

 Spells                   Type           Power        Failure   Level  Hunger


Dungeon Overview and Level Annotations

Branches:
Dungeon (6/15)             Temple (0/1) D:5

Altars:
Kikubaaqudgha
Makhleb
Qazlal
Vehumet
Wu Jian
Xom

Shops:
D:4 ?(


Innate Abilities, Weirdness & Mutations

You have sharp toenails.
You are surrounded by a mild repulsion field. (EV +2)
You sometimes gain power by taking damage.
You are immune to rotting.


Message History

The orc shouts!
An orc priest comes into view. It is wielding a +0 war axe.
You see here a glowing ring mail.
An orc comes into view. It is wielding a -3 short sword.
Casting: Vampiric Draining (safe; 1% risk of failure)
Confirm with . or Enter, or press ? or * to list all spells.
Aiming: Vampiric Draining (safe; 1% risk of failure)
Press: ? - help, Shift-Dir - straight line, f - orc
Aim: an orc, wielding a +0 short sword and wearing a +0 scale mail You kill the orc!
Qazlal accepts your kill.
You are now surrounded by a storm.
You feel life coursing into your body.
The orc shouts!
An orc comes into view. It is wielding a +0 club.
The orc priest invokes the aid of Beogh against you.
Beogh smites you!
* * * LOW HITPOINT WARNING * * *
The orc priest calls down the wrath of Beogh upon you.
Beogh smites you!
You die...

##.#.########
##.######### #.........#
#.#######.# #.# #.# #.#
#.# ###)##### #.# #.#
#.......# #..# #.# #@#
#..# #.# #Y# #..# #.#
#.######..# #.#
#.........## #.#
.#####.######...## #.#
........o..o......####.#
#.##########.o[........#
##.....####.. #.o..##
#.#


You could see an ice beast and an orc priest.

Vanquished Creatures
  An orc warrior (D:6)
  An ice beast (D:5)
  2 ogres
  A centaur (D:6)
  4 scorpions
  A howler monkey (D:5)
  5 crimson imps
  2 jellies
  A hound (D:4)
  3 orc priests
  2 iguanas (D:5)
  Terence (D:2)
  6 orc wizards
  5 worker ants
  A hound zombie (D:6)
  A worker ant zombie (D:5)
  5 adders
  A worm (D:2)
  4 dart slugs
  9 orcs
  6 giant cockroaches
  9 goblins
  5 hobgoblins
  A quokka (D:3)
  7 bats
  6 frilled lizards
  8 kobolds
  A quokka skeleton (D:6)
  10 rats
109 creatures vanquished.

Vanquished Creatures (others)
  An iguana (D:6)
  A gnoll (D:6)
  A giant cockroach (D:6)
  A jackal (D:6)
  A quokka (D:6)
5 creatures vanquished.

Grand Total: 114 creatures vanquished

Notes
Turn   | Place    | Note
-------+----------+-------------------------------------------
     0 | D:1      | troglodite the Demonspawn Necromancer began the quest for
                  | the Orb.
     0 | D:1      | Reached XP level 1. HP: 13/13 MP: 3/3
   323 | D:1      | Gained mutation: You sometimes gain a little power by
                  | taking damage. [demonic ancestry]
   323 | D:1      | Reached XP level 2. HP: 11/19 MP: 5/5
  1372 | D:1      | Reached skill level 5 in Necromancy
  1547 | D:2      | Reached XP level 3. HP: 22/24 MP: 6/6
  1555 | D:2      | Learned a level 3 spell: Vampiric Draining
  1831 | D:2      | Found an ancient bone altar of Kikubaaqudgha.
  2279 | D:2      | Noticed Terence
  2321 | D:2      | Killed Terence
  2321 | D:2      | Reached XP level 4. HP: 18/30 MP: 5/8
  3254 | D:3      | Gained mutation: You are surrounded by a mild repulsion
                  | field. (EV +2) [demonic ancestry]
  3254 | D:3      | Reached XP level 5. HP: 11/35 MP: 1/9
  3588 | D:3      | Found a burning altar of Makhleb.
  4018 | D:3      | Found an ornate altar of the Wu Jian Council.
  4763 | D:3      | Reached skill level 1 in Short Blades
  4900 | D:3      | Learned a level 3 spell: Regeneration
  4903 | D:3      | Learned a level 1 spell: Animate Skeleton
  5176 | D:4      | Gained mutation: You have sharp toenails. [demonic
                  | ancestry]
  5176 | D:4      | Reached XP level 6. HP: 17/42 MP: 11/11
  5464 | D:4      | Reached skill level 6 in Necromancy
  5564 | D:4      | Reached skill level 1 in Charms
  5621 | D:4      | Found Veteizei's Magic Scroll Emporium.
  5634 | D:4      | Bought a scroll of magic mapping for 42 gold pieces
  5634 | D:4      | Bought a scroll of identify for 24 gold pieces
  5843 | D:4      | Reached XP level 7. HP: 36/47 MP: 13/13
  5987 | D:4      | Reached skill level 5 in Charms
  5987 | D:4      | Reached skill level 9 in Necromancy
  5987 | D:4      | Gained mutation: You sometimes gain power by taking damage.
                  | [demonic ancestry]
  5987 | D:4      | Reached XP level 8. HP: 49/60 MP: 18/18
  6006 | D:4      | Found Xanileha's Antique Weapon Shop.
  6229 | D:4      | Found a stormy altar of Qazlal.
  6239 | D:4      | Found a radiant altar of Vehumet.
  6260 | D:4      | Became a worshipper of Qazlal Stormbringer
  6420 | D:5      | Entered Level 5 of the Dungeon
  7330 | D:5      | Found a staircase to the Ecumenical Temple.
  7816 | D:6      | Found a shimmering altar of Xom.
  7991 | D:6      | Gained mutation: You are immune to rotting. [demonic
                  | ancestry]
  7991 | D:6      | Reached XP level 9. HP: 65/65 MP: 19/19
  7997 | D:6      | Learned a level 4 spell: Animate Dead
  8054 | D:6      | Reached * piety under Qazlal
  8061 | D:6      | Killed from afar by an orc priest

Skill      XL: |  1  2  3  4  5  6  7  8 |
---------------+-------------------------+-----
Dodging        | 2 3 6 |  6.7
Necromancy     | 5 6 9 |  9.5
Stealth        | 2 |  2.6
Spellcasting   | 3 4 6 7 |  7.0
Short Blades   | 1 |  1.8
Charms         | 1 5 |  5.8
Fighting       | 4 |  4.2

Action                   |  1- 3 |  4- 6 |  7- 9 || total
-------------------------+-------+-------+-------++-------
Melee: Dagger            |    40 |   227 |   153 ||   420
       Kick              |       |     5 |    33 ||    38
 Cast: Pain              |    37 |    23 |     1 ||    61
       Vampiric Draining |       |    12 |     4 ||    16
       Regeneration      |       |       |     1 ||     1
  Use: Potion            |       |     2 |     1 ||     3
       Scroll            |       |     5 |       ||     5
 Stab: Sleeping          |     1 |     1 |     4 ||     6
       Distracted        |     1 |     2 |       ||     3
  Eat: Chunk             |     4 |     8 |     5 ||    17
       Ration            |       |     1 |     1 ||     2
Armor: Robe              |     5 |    36 |     7 ||    48
Dodge: Dodged            |    27 |   193 |   106 ||   326
